 Dungeon Crawl Stone Soup version 0.31-a0-180-g519b7de00c (webtiles) character file.

Game seed: 10399731052084683052

371 qw the Chopper (level 6, -5/38 HPs)
             Began as a Gargoyle Fighter on June 19, 2023.
             Slain by Edmund
             ... wielding a +3 flail of holy wrath
              (9 damage)
             ... on level 4 of the Dungeon.
             The game lasted 00:01:31 (3289 turns).

qw the Chopper (Gargoyle Fighter)                   Turns: 3289, Time: 00:01:31

Health: -5/38      AC: 12    Str: 22    XL:     6   Next: 71%
Magic:  6/6        EV:  9    Int:  8    God:
Gold:   248        SH:  4    Dex:  9    Spells: 5/5 levels left

rFire   . . .        Y - +3 war axe
rCold   . . .        c - +0 buckler
rNeg    + . .        b - +0 scale mail
rPois   inf          (no helmet)
rElec   +            h - +0 cloak
rCorr   .            (no gloves)
SInv    .            (no boots)
Will    .....        (no amulet) Stlth
                     (no ring)
HPRegen 0.26/turn    (no ring)
MPRegen 0.10/turn

%: no passive effects
@: about to teleport
A: sickness immunity, AC +4, negative energy resistance 1, electricity
resistance, torment resistance 1, petrification resistance
a: no special abilities


You were on level 4 of the Dungeon.
You visited 1 branch of the dungeon, and saw 4 of its levels.

You collected 248 gold pieces.


Innate Abilities, Weirdness & Mutations

You are immune to sickness and miasma.
Your stone body is resilient. (AC +4)
You are immune to poison.
You resist negative energy. (rN+)
You are resistant to electric shocks. (rElec)
You are resistant to unholy torment.
You are immune to petrification.


   Skills:
 - Level 4.2 Fighting
 + Level 5.5 Axes
 - Level 3.2 Armour
 - Level 1.5 Dodging
 - Level 3.2 Shields


You had 5 spell levels left.
You didn't know any spells.
Your spell library was empty.

Inventory:

Hand Weapons
 g - a +0 mace
 Y - a +3 war axe (weapon)
Armour
 b - a +0 scale mail (worn)
 c - a +0 buckler (worn)
 h - a +0 cloak (worn)
Wands
 i - a wand of digging (5)
Scrolls
 e - a scroll of blinking {unknown}
 k - a scroll of fear {unknown}
 m - a scroll of identify
Potions
 a - a potion of invisibility {unknown}
 d - 3 potions of might
 f - 2 potions of heal wounds {unknown}
 j - a potion of enlightenment {unknown}

Dungeon Overview and Level Annotations

Branches:
Dungeon (4/15)
 Temple: D:4-7

Altars:
Ashenzari
Gozag
Trog

Shops:
D:4 *

Annotations:
D:3 1 runed translucent door, qw's ghost, amateur NaHu
D:4 Edmund


Message History

HP restored.
There is an escape hatch in the ceiling here.
You now have 248 gold pieces (gained 8).
There is a stone staircase leading down here.
Edmund shouts!
Enter note:
Enter note:
Enter note:
Enter note:
Enter note:
Enter note:
Enter note:
Enter note:
Enter note:
Enter note:
Enter note:
Enter note: You hit Edmund.
Edmund is lightly wounded.
Edmund hits you with a +3 flail of holy wrath.
You completely miss Edmund.
Edmund is lightly wounded.
Edmund clears his throat.
Edmund hits you with a +3 flail of holy wrath!
Edmund hits you with a +3 flail of holy wrath.
You slash Edmund!
Edmund is moderately wounded.
You block Edmund's attack.
You slash Edmund!
Edmund is heavily wounded.
Edmund hits you with a +3 flail of holy wrath!
3288 ||| READING scroll of teleportation.
As you read the scroll of teleportation, it crumbles to dust.
You feel strangely unstable.
Edmund hits you with a +3 flail of holy wrath.
You hit Edmund.
Edmund is severely wounded.
Edmund hits you with a +3 flail of holy wrath.
Edmund hits you with a +3 flail of holy wrath!
You die...

## ##............# .###
#............## .(.# #####
#...........## ...# #...#
#...##......# # ...#####...#
##...####...## ## ..###......##
#...## ##...###. #####.......#
#...# ###..... .?..#.##....#
##...# ###... ....#.#.....#
#@..## #... ##'##.#.....# #@..#
##... ....#.#.....# ##..## #....
....#.#...>.# #...# ###.##.
#'###'##..).###...## ###....#.
...#...#....##.....######...#....
...'...####.##.......##....###..#
...#...#..#.##...........### ##..
.\.#####..#.#...#.....>### ##.


You could see Edmund.

Vanquished Creatures
  An ogre (D:4)
  A phantom (D:4)
  A scorpion (D:4)
  8 adders
  A worm (D:2)
  A dart slug (D:2)
  An orc (D:3)
  8 endoplasms
  3 giant cockroaches
  3 goblins
  9 hobgoblins
  9 jackals
  8 kobolds
  6 ball pythons
  3 bats
  A frilled lizard (D:3)
  10 rats
74 creatures vanquished.

Vanquished Creatures (others)
  A wizard (D:3)
1 creature vanquished.

Grand Total: 75 creatures vanquished

Notes
Turn   | Place    | Note
-------+----------+-------------------------------------------
     0 | D:1      | qw the Gargoyle Fighter began the quest for the Orb.
     0 | D:1      | Reached XP level 1. HP: 14/14 MP: 1/1
     0 | D:1      | 0 ||| qw: Version: 0.3-a-7-ge0c9b40
     0 | D:1      | 0 ||| qw: Game counter: 1013
     0 | D:1      | 0 ||| qw: Always use a shield: true
     0 | D:1      | 0 ||| qw: God list: Okawaru
     0 | D:1      | 0 ||| qw: Allow faded altars: false
     0 | D:1      | 0 ||| qw: Do Orc after D:15 true
     0 | D:1      | 0 ||| qw: Do second Lair branch before Depths: true
     0 | D:1      | 0 ||| qw: Lair rune preference: random
     0 | D:1      | 0 ||| qw: Plans: Normal, Zot:1-4, Slime:5, God:TSO, Crypt,
                  | Tomb, Abyss, Pan, Hells, Win
     0 | D:1      | 0 ||| PLANNING D:1-11
    41 | D:1      | 41 ||| Stepping ~*~*~tactically~*~*~ (stealth).
    47 | D:1      | Reached skill level 2 in Axes
    93 | D:1      | Found a faded altar of an unknown god.
   135 | D:1      | Reached XP level 2. HP: 19/19 MP: 2/2
   501 | D:1      | 501 ||| Stepping ~*~*~tactically~*~*~ (stealth).
   509 | D:1      | Reached skill level 3 in Axes
   518 | D:1      | Reached XP level 3. HP: 23/23 MP: 3/3
   749 | D:1      | 749 ||| DROPPING scarf of shadows.
   750 | D:1      | 750 ||| READING 3 scrolls labelled VONOINN KANWU.
   751 | D:1      | 751 ||| READING scroll labelled PITWUM JERETT.
   752 | D:1      | 752 ||| READING scroll labelled MAIPEAKHOB.
   753 | D:1      | 753 ||| DROPPING 2 scrolls of fog.
   934 | D:2      | Reached XP level 4. HP: 28/28 MP: 4/4
  1028 | D:2      | 1028 ||| Stepping ~*~*~tactically~*~*~ (stealth).
  1037 | D:2      | Reached skill level 4 in Axes
  1061 | D:2      | 1061 ||| DROPPING +0 whip.
  1082 | D:2      | 1082 ||| Stepping ~*~*~tactically~*~*~ (hiding).
  1141 | D:2      | 1141 ||| Stepping ~*~*~tactically~*~*~ (stealth).
  1435 | D:2      | 1435 ||| READING scroll labelled SONUOZ ZOAPH.
  1436 | D:2      | 1436 ||| READING 3 scrolls labelled WISYRGH PAITHE.
  1437 | D:2      | 1437 ||| READING 2 scrolls of enchant weapon.
  1437 | D:2      | 1437 ||| ENCHANTING +1 war axe.
  1438 | D:2      | 1438 ||| READING scroll of enchant weapon.
  1438 | D:2      | 1438 ||| ENCHANTING +2 war axe.
  1439 | D:2      | 1439 ||| READING 3 scrolls labelled HYPLYG SOTWOA.
  1440 | D:2      | 1440 ||| DROPPING 2 scrolls of immolation.
  1578 | D:3      | Found a broken altar of Ashenzari.
  1652 | D:3      | 1652 ||| Stepping ~*~*~tactically~*~*~ (stealth).
  1656 | D:3      | 1656 ||| Stepping ~*~*~tactically~*~*~ (stealth).
  1665 | D:3      | 1665 ||| Stepping ~*~*~tactically~*~*~ (stealth).
  1679 | D:3      | Reached XP level 5. HP: 32/32 MP: 5/5
  1703 | D:3      | Found a runed translucent door.
  1731 | D:3      | 1731 ||| READING scroll labelled SINATW NOOTAI.
  1731 | D:3      | Noticed qw's ghost (amateur NaHu)
  1764 | D:3      | 1764 ||| Stepping ~*~*~tactically~*~*~ (stealth).
  1766 | D:3      | 1766 ||| Stepping ~*~*~tactically~*~*~ (stealth).
  1767 | D:3      | 1767 ||| Stepping ~*~*~tactically~*~*~ (stealth).
  1913 | D:3      | 1913 ||| Stepping ~*~*~tactically~*~*~ (stealth).
  1915 | D:3      | 1915 ||| Stepping ~*~*~tactically~*~*~ (stealth).
  1916 | D:3      | 1916 ||| Stepping ~*~*~tactically~*~*~ (stealth).
  2098 | D:3      | Found a bloodstained altar of Trog.
  2100 | D:3      | Noticed a wizard
  2104 | D:3      | Killed a wizard
  2209 | D:3      | 2209 ||| UPGRADING to +0 cloak.
  2214 | D:3      | 2214 ||| READING scroll labelled LINUCUOBRO.
  2242 | D:3      | 2242 ||| READING scroll labelled ZATWAR ROURCH.
  2430 | D:4      | Noticed an ogre
  2437 | D:4      | Killed an ogre
  2438 | D:4      | Reached skill level 5 in Axes
  2438 | D:4      | Reached XP level 6. HP: 37/37 MP: 6/6
  2465 | D:4      | Found Ea-nāṣir's Fine Metal Goods.
  2469 | D:4      | 2469 ||| SHOPLISTING glowing plate armour (832 gold, have
                  | 216).
  2527 | D:4      | Noticed Edmund
  2535 | D:4      | HP: 7/37 [Edmund/+3 flail of holy wrath (5)]
  2536 | D:4      | 2536 ||| READING 2 scrolls of teleportation.
  2690 | D:4      | Found an opulent altar of Gozag.
  3062 | D:4      | Reached skill level 1 in Dodging
  3287 | D:4      | HP: 9/38 [Edmund/+3 flail of holy wrath (11)]
  3288 | D:4      | 3288 ||| READING scroll of teleportation.
  3289 | D:4      | HP: 4/38 [Edmund/+3 flail of holy wrath (4)]
  3289 | D:4      | Slain by Edmund

Levels and vault maps discovered:
D:1:      wheals_arrival_shading, layout_basic,
          ebering_ecumenical_altar_abandoned
D:2:      layout_rooms
D:3:      layout_loops_ring, trog_wizard, mainiacjoe_overflow_tiny_flanked,
          ebering_ghost_sewer_d
D:4:      layout_cave_pods, mainiacjoe_overflow_alcove_4,
          nicolae_ea-nasir_strikes_again, uniq_edmund

Skill      XL: |  1  2  3  4  5  6 |
---------------+-------------------+-----
Axes           | 2 3 4 5 |  5.5
Fighting       | 4 |  4.2
Dodging        | 1 |  1.5
Armour         | |  3.2
Shields        | |  3.2

Action                     |  1- 3 |  4- 6 || total
---------------------------+-------+-------++-------
  Melee: War axe           |    90 |   131 ||   221
    Use: Scroll            |     3 |    10 ||    13
 Armour: Scale mail        |    31 |    67 ||    98
  Dodge: Dodged            |    46 |    49 ||    95
  Block: Buckler           |    13 |    20 ||    33

Table legend:
 A = Non-vault XP
 B = Vault XP
 C = Vault XP percentage of total XP
 D = Non-vault monster count
 E = Vault monster count
 F = Vault count percentage of total count
                 A         B        C        D         E       F
            +---------+---------+-------+---------+---------+-------
      Total |     531 |       0 |   0.0 |      74 |       0 |   0.0
            +---------+---------+-------+---------+---------+-------
        D:1 |      47 |       0 |   0.0 |      27 |       0 |   0.0
        D:2 |      82 |       0 |   0.0 |      19 |       0 |   0.0
        D:3 |      63 |       0 |   0.0 |      18 |       0 |   0.0
        D:4 |     339 |       0 |   0.0 |      10 |       0 |   0.0
            +---------+---------+-------+---------+---------+-------
